AoeStats
← Aughmor

QS Arena

503753136Analyzed
2v2 RM · 1mo ago on Sep 2, 2026· 37m 5s· 4 players
Game mode
Random Map
Map size
Medium (4 player)
Population
200
Speed
Normal
Resources
Standard
Victory
Conquest
Starting age
Dark Age
Ending age
Imperial Age
RankedLock teamsTeams togetherTeam positionsShared explorationLock speedFull tech treeHidden civsTurbo modeCheats
Victory
Defeat
🇺🇸 Spanish · United States
970
+14
909
+16
🇺🇸 Turks · United States
949
-16
🇺🇸 Teutons · United States
884
-32
𝖘𝖈𝖔𝖗𝖕𝖎𝖔☯
0:27 Loom
9:04 Feudal Age
9:28 Horse Collar
9:35 Double-Bit Axe
12:37 Man-at-Arms
15:36 Gold Mining
17:07 Scale Mail Armor
25:04 Castle Age
24:56 Stone Mining
26:56 Bow Saw
29:01 Murder Holes
31:55 Ballistics
36:02 Gold Shaft Mining
35:36 Capped Ram
youremypussu
8:15 Feudal Age
7:42 Loom
9:56 Wheelbarrow
9:12 Double-Bit Axe
9:08 Horse Collar
16:07 Castle Age
14:18 Gold Mining
14:34 Town Watch
15:10 Stone Mining
16:07 Scale Mail Armor
16:29 Forging
16:59 Bow Saw
17:51 Bloodlines
20:38 Heavy Plow
21:44 Stone Shaft Mining
23:53 Hand Cart
24:41 Scale Barding Armor
25:24 Town Patrol
29:02 Iron Casting
28:47 Chain Mail Armor
28:34 Padded Archer Armor
28:24 Fletching
32:01 Imperial Age
32:07 Imperial Age
31:00 Chain Barding Armor
31:47 Leather Archer Armor
32:11 Bodkin Arrow
32:34 Husbandry
33:05 Cavalier
34:22 Elite Conquistador
Aughmor
7:45 Feudal Age
9:01 Wheelbarrow
8:26 Horse Collar
9:26 Double-Bit Axe
16:27 Castle Age
15:35 Gold Mining
16:26 Arson
17:32 Bow Saw
16:53 Pikeman
19:09 Hand Cart
20:42 Scale Mail Armor
20:52 Forging
22:16 Squires
27:54 Heavy Plow
29:40 Stone Mining
32:13 Stone Shaft Mining
32:18 Iron Casting
31:59 Chain Mail Armor
king
3:16 Loom
6:52 Feudal Age
7:18 Double-Bit Axe
8:48 Horse Collar
10:57 Wheelbarrow
13:38 Gold Mining
13:39 Stone Mining
17:21 Castle Age
17:32 Padded Archer Armor
18:17 Bow Saw
18:35 Heavy Plow
18:57 Leather Archer Armor
Connection lost

Rejoining the realm…

Still unreachable

The connection could not be restored.

Session expired

The server has moved on; the page needs a fresh start.